 Dungeon Crawl Stone Soup version 0.19.5 (webtiles) character file.

443 Peloso the Shield-Bearer (level 6, 0/55 HPs)
             Began as a Minotaur Fighter on May 20, 2017.
             Incinerated by coier's ghost (5 damage)
             ... with a sticky flame
             ... on level 4 of the Dungeon.
             The game lasted 00:07:00 (2160 turns).

Peloso the Shield-Bearer (Minotaur Fighter)         Turns: 2160, Time: 00:07:01

Health: 0/55       AC:  7    Str: 26    XL:     6   Next: 71%
Magic:  5/5        EV:  8    Int:  9    God:
Gold:   237        SH: 11    Dex: 13    Spells: 0 memorised, 5 levels left

rFire  . . .     SeeInvis .     a - +0 long sword
rCold  . . .     Gourm    .     b - +0 scale mail
rNeg   . . .     Faith    .     c - +0 shield
rPois  .         Spirit   .     (helmet restricted)
rElec  .         Reflect  .     (no cloak)
rCorr  .         Harm     .     (no gloves)
MR     .....     Rnd*Tele +     (no boots)
Stlth  ..........               (no amulet)
                                t - +4 ring of intelligence
                                i - ring of teleportation (curse)

@: mighty, liquid flames, glowing
A: retaliatory headbutt, fangs 1, hooves 1, horns 2, thin skeletal structure 1
a: no special abilities


You were on level 4 of the Dungeon.
You were not hungry.

You visited 1 branch of the dungeon, and saw 4 of its levels.

You collected 237 gold pieces.

Inventory:

Hand Weapons
 a - a +0 long sword (weapon)
 n - a cursed +0 dagger
Armour
 b - a +0 scale mail (worn)
 c - a +0 shield (worn)
Jewellery
 i - a cursed ring of teleportation (left hand)
 s - a +3 ring of evasion {unknown}
 t - a +4 ring of intelligence (right hand)
Wands
 w - a wand of polymorph (9/24)
Scrolls
 e - a scroll of random uselessness {unknown}
 g - 2 scrolls of identify {unknown}
 h - 6 scrolls of amnesia {unknown}
 k - 3 scrolls of teleportation {unknown}
 l - a scroll of enchant armour {unknown}
 m - a scroll of fear {unknown}
 v - a scroll of noise {unknown}
Potions
 p - a potion of degeneration {unknown}
 q - a potion of magic {unknown}
Books
 r - a book of Conjurations

   Spells                             Type                      Level
   a - Magic Dart                     Conjuration                  1
   b - Searing Ray                    Conjuration                  2
   c - Dazzling Spray                 Conjuration/Hexes            3
   d - Fulminant Prism                Conjuration/Hexes            4
   e - Iskenderun's Mystic Blast      Conjuration                  4
   f - Iskenderun's Battlesphere      Conjuration/Charms           5
Comestibles
 f - 4 bread rations
 j - a slice of pizza
 o - a meat ration
 u - 7 chunks of flesh


   Skills:
 + Level 4.8 Fighting
 + Level 5.3 Long Blades
 + Level 4.8 Armour
 + Level 1.2 Dodging
 + Level 0.5 Stealth
 + Level 5.9 Shields


You had 5 spell levels left.
You didn't know any spells.

Dungeon Overview and Level Annotations

Branches:
Dungeon (4/15)
 Temple: D:4-7

Altars:
Elyvilon
Gozag
Ru
Trog
Vehumet
The Shining One


Innate Abilities, Weirdness & Mutations

You reflexively headbutt those who attack you in melee.
You have a pair of horns on your head.
You have very sharp teeth.
You have large cloven feet.
You have a somewhat thin skeletal structure. (Dex +2, Stealth)


Message History

You feel very mighty all of a sudden.
You are covered in liquid flames!
Coier's ghost hits you but does no damage.
You slash coier's ghost! Your kick misses coier's ghost.
Your bite misses coier's ghost.
Coier's ghost is moderately damaged.
You are covered in liquid flames!
Coier's ghost hits you but does no damage.
Unknown command.
You slash coier's ghost! You headbutt coier's ghost!
You destroy coier's ghost!
Your Long Blades skill increases to level 5!
You are covered in liquid flames!
* * * LOW HITPOINT WARNING * * *
Unknown command.
You are covered in liquid flames!
* * * LOW HITPOINT WARNING * * *
Unknown command.
You are covered in liquid flames!
You die...

#########
#.#####@......#
........#####!#
............#.#
.##########.#.#
#.#.# #.#.#
#.#.# #.#.#
#...#


There were no monsters in sight!

Vanquished Creatures
  The ghost of coier the Magician, an amateur DEFE of Vehumet (D:4)
  3 orc priests
  2 orc wizards
  4 adders
  4 gnolls (D:2)
  3 leopard geckos (D:2)
  5 orcs
  3 bats
  4 giant cockroaches
  8 goblins
  4 hobgoblins
  8 jackals
  7 kobolds
  2 ball pythons (D:2)
  6 frilled lizards
  14 rats
78 creatures vanquished.

Notes
Turn   | Place    | Note
-------+----------+-------------------------------------------
     0 | D:1      | Peloso the Minotaur Fighter began the quest for the Orb.
     0 | D:1      | Reached XP level 1. HP: 19/19 MP: 0/0
   119 | D:1      | Reached XP level 2. HP: 17/27 MP: 1/1
   642 | D:1      | Gained mutation: You have very sharp teeth. [potion of mutation]
   642 | D:1      | Gained mutation: You have large cloven feet. [potion of mutation]
   642 | D:1      | Gained mutation: You have a somewhat thin skeletal structure. (Dex +2, Stealth) [potion of mutation]
   656 | D:2      | Reached XP level 3. HP: 31/33 MP: 2/2
   661 | D:2      | Found an opulent altar of Gozag.
   665 | D:2      | Reached XP level 4. HP: 8/40 MP: 3/3
   931 | D:2      | Found a radiant altar of Vehumet.
   931 | D:2      | Found a bloodstained altar of Trog.
   932 | D:2      | Found a white marble altar of Elyvilon.
   997 | D:2      | Found a sacrificial altar of Ru.
  1111 | D:2      | Reached skill level 5 in Shields
  1374 | D:3      | Reached XP level 5. HP: 46/47 MP: 4/4
  1551 | D:3      | Found a bloodstained altar of Trog.
  1699 | D:2      | Found a glowing golden altar of the Shining One.
  2057 | D:4      | Reached skill level 1 in Dodging
  2057 | D:4      | Reached XP level 6. HP: 19/53 MP: 5/5
  2148 | D:4      | Noticed coier's ghost (amateur DEFE)
  2158 | D:4      | Killed coier's ghost
  2158 | D:4      | Reached skill level 5 in Long Blades
  2160 | D:4      | Incinerated by coier's ghost

Skill      XL: |  1  2  3  4  5  6 |
---------------+-------------------+-----
Shields        | 4 5 |  5.9
Fighting       | 4 |  4.8
Armour         | 4 |  4.8
Long Blades    | 3 4 5 |  5.3
Dodging        | 1 |  1.2
Stealth        | |  0.5

Action                   |  1- 3 |  4- 6 || total
-------------------------+-------+-------++-------
Melee: Long sword        |    58 |   110 ||   168
       Headbutt          |    13 |    27 ||    40
       Kick              |     3 |    28 ||    31
       Bite              |     1 |    14 ||    15
  Use: Potion            |     3 |     1 ||     4
  Eat: Chunk             |       |     4 ||     4
Armor: Scale mail        |    29 |    51 ||    80
Dodge: Dodged            |    31 |    31 ||    62
Block: Shield            |    34 |    74 ||   108
       Rpst.: Long sword |     9 |     7 ||    16
